 Dungeon Crawl Stone Soup version 0.26.0-15-gc6cd9f700b (webtiles) character file.

Game seed: 5495130700055708836

823 wormsofcant the Firebug (level 7, -2/50 HPs)
             Began as a Hill Orc Fire Elementalist on Jan 15, 2021.
             Shot with an arrow by a centaur (8 damage)
             ... on level 5 of the Dungeon.
             The game lasted 00:12:19 (5466 turns).

wormsofcant the Firebug (HOFE)                      Turns: 5466, Time: 00:12:20

Health: -2/50      AC:  7    Str: 10 (11) XL:     7   Next: 96%
Magic:  7/10       EV: 12    Int: 14 (17) God:
Gold:   244        SH:  0    Dex: 10 (11) Spells: 2/10 levels left

rFire    . . .     SeeInvis .   A - +0 halberd
rCold    . . .     Faith    .   (shield currently unavailable)
rNeg     . . .     Spirit   .   a - +0 robe
rPois    .         Reflect  .   m - +2 helmet
rElec    .         Harm     .   (no cloak)
rCorr    .         Rampage  .   (no gloves)
Will     +....                  j - +1 pair of boots
Stlth    ++........             (no amulet)
HPRegen  0.16/turn              k - ring of willpower
MPRegen  0.12/turn              (no ring)

@: about to teleport, flying, hasted, very quick
A: no striking features
a: no special abilities


You were on level 5 of the Dungeon.
You visited 2 branches of the dungeon, and saw 6 of its levels.

You collected 244 gold pieces.

Inventory:

Hand Weapons
 c - a +0 club
 t - a +0 trident
 A - a +0 halberd (weapon)
 G - a +0 morningstar
Missiles
 d - 69 arrows
 g - 172 stones
 s - 34 poisoned darts
 y - 8 javelins
Armour
 a - a +0 robe (worn)
 b - a +0 ring mail
 e - a +0 leather armour
 j - a +1 pair of boots (worn)
 m - a +2 helmet (worn)
Magical Staves
 u - an uncursed staff of air
Jewellery
 k - a ring of willpower (left hand)
Wands
 l - a wand of polymorph (5)
 F - a wand of digging (3)
 I - a wand of paralysis (7)
Scrolls
 i - 5 scrolls of remove curse
 n - 2 scrolls of identify
 v - 2 scrolls of fog {unknown}
 E - a scroll of blinking {unknown}
 J - a scroll of magic mapping {unknown}
 L - a scroll of fear {unknown}
Potions
 f - a potion of flight
 h - a potion of degeneration
 o - 2 potions of might {unknown}
 p - 2 potions of invisibility {unknown}
 r - a potion of brilliance {unknown}
 w - a potion of cancellation {unknown}
 x - 4 potions of curing {unknown}
 z - a potion of lignification {unknown}
 B - a potion of haste
 C - a potion of berserk rage {unknown}
 D - a potion of attraction {unknown}
 H - a potion of ambrosia {unknown}
 K - 2 potions of resistance {unknown}


   Skills:
 - Level 1.5 Dodging
 - Level 1.5 Stealth
 - Level 2.0 Spellcasting
 - Level 6.0 Conjurations
 * Level 7.3 Fire Magic


You had 2 spell levels left.
You knew the following spells:

 Your Spells              Type           Power        Failure   Level
a - Foxfire               Conj/Fire      80%          1%          1
b - Conjure Flame         Conj/Fire      20%          4%          3
c - Sticky Flame          Conj/Fire      20%          16%         4

Your spell library contained the following spells:

 Spells                   Type           Power        Failure   Level
 Inner Flame              Hex/Fire       11%          16%         3
 Fireball                 Conj/Fire      10%          38%         5


Dungeon Overview and Level Annotations

Branches:
Dungeon (5/15)             Temple (1/1) D:5

Altars:
Ashenzari
Cheibriados
Dithmenos
Fedhas
Gozag
Hepliaklqana
Kikubaaqudgha
Makhleb
Nemelex Xobeh
Sif Muna
Trog
Uskayaw
Vehumet
Wu Jian
Xom
Yredelemnul
Zin

Shops:
D:5 (

Annotations:
D:5 exclusion: centaur


Message History

It is a scroll of identify.
q - a scroll of teleportation The foxfire hits the centaur.
The centaur is lightly wounded.
The centaur shoots an arrow.
The arrow hits you.
* * * LOW HITPOINT WARNING * * *
As you read the scroll of teleportation, it crumbles to dust.
You feel strangely unstable.
The centaur shoots an arrow.
The arrow hits you!
* * * LOW HITPOINT WARNING * * *
It was a potion of haste.
You feel yourself speed up.
The centaur shoots an arrow.
The arrow closely misses you.
It was a potion of flight.
You feel very buoyant.
You fly up into the air.
The centaur shoots an arrow.
The arrow hits you.
* * * LOW HITPOINT WARNING * * *
It was a potion of degeneration.
There was something very wrong with that liquid.
You feel weakened.
You feel dopey.
You feel clumsy.
The centaur shoots an arrow.
The arrow hits you!
You die...

#####.##.#
#...#...#.≈≈≈≈≈≈ #.##.#
#..#............ #.##.#
#........###.... #.##.#
##.##.....###.#..
#.##.###..##.......#.##.
#.##.##...###...........
#.##.##...# ###.........
#.##.##(..### #........#
#......@....# #........#
#.....(.....# #........#
#.#.........# #.........
#####...........#
######†###
#......#........# #.###
#.###....######## #....
#.# ##c∩.# ##... #.#
#....# #.... #.# #..#.#
#....


You could see a centaur.

Vanquished Creatures
  Menkaure (D:5)
  A sky beast (D:5)
  A big kobold (D:3)
  A centaur skeleton (D:5)
  2 iguanas
  Natasha (thrice) (D:3)
  2 orc wizards
  4 worker ants
  Ijyb (D:5)
  A hound zombie (D:5)
  Robin (D:2)
  2 adders
  3 gnolls (D:4)
  A white imp (D:5)
  2 oozes (D:1)
  2 adder skeletons
  3 worms
  4 dart slugs
  A leopard gecko (D:4)
  14 orcs
  2 ball pythons
  7 bats
  2 giant cockroaches
  21 goblins
  5 hobgoblins
  13 jackals
  3 quokkas
  8 frilled lizards
  2 jackal skeletons
  A jackal zombie (D:5)
  5 kobolds
  A leopard gecko skeleton (D:4)
  8 rats
128 creatures vanquished.

Vanquished Creatures (others)
  391 foxfires
391 creatures vanquished.

Grand Total: 519 creatures vanquished

Notes
Turn   | Place    | Note
-------+----------+-------------------------------------------
     0 | D:1      | wormsofcant the Hill Orc Fire Elementalist began the quest
                  | for the Orb.
     0 | D:1      | Reached XP level 1. HP: 14/14 MP: 3/3
   288 | D:1      | Reached XP level 2. HP: 20/20 MP: 2/4
   636 | D:1      | Reached XP level 3. HP: 26/26 MP: 3/5
   814 | D:2      | Learned a level 3 spell: Conjure Flame
   815 | D:2      | Noticed Robin
   826 | D:2      | Killed Robin
  1101 | D:1      | Reached skill level 4 in Fire Magic
  1138 | D:2      | Reached XP level 4. HP: 32/33 MP: 2/6
  1716 | D:2      | Found a sparkling altar of Nemelex Xobeh.
  1986 | D:2      | Reached XP level 5. HP: 38/38 MP: 4/8
  2142 | D:3      | Learned a level 4 spell: Sticky Flame
  2363 | D:3      | Noticed Natasha
  2368 | D:3      | Killed Natasha
  2372 | D:3      | Noticed Natasha
  2425 | D:3      | Killed Natasha
  2431 | D:3      | Noticed Natasha
  2436 | D:3      | Killed Natasha
  2437 | D:3      | Reached skill level 5 in Fire Magic
  2537 | D:3      | Noticed a big kobold
  2546 | D:3      | Killed a big kobold
  2547 | D:3      | Reached XP level 6. HP: 45/45 MP: 4/9
  2615 | D:3      | Reached skill level 5 in Conjurations
  3849 | D:4      | Reached skill level 6 in Fire Magic
  4094 | D:4      | Reached XP level 7. HP: 50/50 MP: 6/10
  4563 | D:5      | Entered Level 5 of the Dungeon
  4565 | D:5      | Found a glowing silver altar of Zin.
  4652 | D:5      | Found an ornate altar of the Wu Jian Council.
  4684 | D:5      | Noticed Menkaure
  4688 | D:5      | Killed Menkaure
  4790 | D:5      | Noticed Ijyb
  4802 | D:5      | Killed Ijyb
  4894 | D:5      | Reached skill level 7 in Fire Magic
  5039 | D:5      | Found a radiant altar of Vehumet.
  5119 | D:5      | Found Ifaniun's Antique Weapon Emporium.
  5185 | D:5      | Found a snail-covered altar of Cheibriados.
  5334 | D:5      | Found a staircase to the Ecumenical Temple.
  5340 | Temple   | Entered the Ecumenical Temple
  5466 | D:5      | Shot with an arrow by a centaur

Illustrated notes

Levels and vault maps discovered:
D:1:      onia_arrival_handbag, layout_rooms, grunt_decor_mini_mirrors
D:2:      layout_loops_ring, marbit_many_paths, uniq_robin
D:3:      layout_rooms, st_stairs_9, uniq_natasha
D:4:      layout_cave_pools
D:5:      layout_rooms, nzn_wu_jian_council_hall, lemuel_doored_altar,
          general_overflow_altar, nicolae_overflow_hidden_temple,
          minmay_temple_entry_enclosed_plants, serial_shops, nicolae_shop_stone,
          uniq_ijyb, uniq_menkaure
Temple:   nicolae_temple_no_exploring_needed

Skill      XL: |  1  2  3  4  5  6  7 |
---------------+----------------------+-----
Conjurations   | 2 3 4 5 6 |  6.0
Fire Magic     | 4 5 6 7 |  7.3
Spellcasting   | 2 |  2.0
Dodging        | |  1.5
Stealth        | |  1.5

Action                   |  1- 3 |  4- 6 |  7- 9 || total
-------------------------+-------+-------+-------++-------
Melee: Club              |     9 |     6 |       ||    15
       Trident           |       |    24 |       ||    24
       Halberd           |       |       |    11 ||    11
 Cast: Foxfire           |    47 |   141 |    55 ||   243
       Sticky Flame      |       |       |     1 ||     1
Evoke: Wand              |       |       |     1 ||     1
  Use: Scroll            |       |     1 |     2 ||     3
       Potion            |       |       |     3 ||     3
 Stab: Sleeping          |       |     1 |       ||     1
Armor: Robe              |    12 |    17 |     9 ||    38
Dodge: Dodged            |    20 |    25 |     9 ||    54
